 Dungeon Crawl Stone Soup version 0.30.1-11-g7821555f0a (webtiles) character file.

Game seed: 16395147130891583902

5047 RancidPinata the Covert (level 10, -2/72 HPs)
             Began as an Octopode Delver on Dec 20, 2023.
             Was an Elder of Dithmenos.
             Slain by an orc warrior
             ... wielding a +0 halberd
              (7 damage)
             ... on level 9 of the Dungeon on Dec 21, 2023.
             The game lasted 00:41:09 (11311 turns).

RancidPinata the Covert (Octopode Delver)          Turns: 11311, Time: 00:41:09

Health: -2/72      AC:  1    Str: 13    XL:     10   Next: 55%
Magic:  10/10      EV: 17    Int: 12    God:    Dithmenos [****..]
Gold:   455        SH:  0    Dex: 17    Spells: 9/9 levels left

rFire   . . .        t - +2 short sword (venom)
rCold   . . .        (no shield)
rNeg    . . .        (helmet restricted)
rPois   .            v - amulet of the acrobat
rElec   .            g - ring of resist corrosion
rCorr   +            (no ring)
SInv    .            (no ring)
Will    .....        (no ring) Stlth *+++++++++
                     (no ring)
HPRegen 0.32/turn    (no ring)
MPRegen 0.12/turn    (no ring)
                     (no ring)

%: acrobat
@: wreathed by umbra
A: almost no armour, amphibious, 8 rings, camouflage 1, gelatinous body 1,
nimble swimmer 1, tentacles
a: Renounce Religion, Shadow Step


You were on level 9 of the Dungeon.
You worshipped Dithmenos.
Dithmenos was greatly pleased with you.
You visited 1 branch of the dungeon, and saw 9 of its levels.
You also visited: Ossuary.

You collected 581 gold pieces.
You spent 126 gold pieces at shops.

Inventory:

Hand Weapons
 t - a +2 short sword of venom (weapon)
Missiles
 a - 54 stones
 u - 23 poisoned darts
 A - 4 boomerangs
 B - 5 throwing nets (quivered)
 D - a curare-tipped dart
Jewellery
 g - a ring of resist corrosion (left tentacle)
 v - an amulet of the acrobat (around mantle)
 x - a ring of fire
 J - an amulet of reflection
Wands
 f - a wand of digging (9)
 k - a wand of flame (7)
 o - a wand of iceblast (22)
 w - a wand of paralysis (17)
 L - a wand of quicksilver (9)
Scrolls
 b - 2 scrolls of fog
 c - 3 scrolls of magic mapping
 d - 2 scrolls of fear
 l - 3 scrolls of teleportation
 m - a scroll of amnesia {unknown}
 n - a scroll of blinking {unknown}
 q - 2 scrolls of enchant weapon {unknown}
 s - 2 scrolls of enchant armour {unknown}
 y - 8 scrolls of identify
 E - 2 scrolls of vulnerability {unknown}
 F - 3 scrolls of poison {unknown}
 M - a scroll of immolation {unknown}
 N - 2 scrolls of noise {unknown}
Potions
 e - 5 potions of haste
 h - a potion of lignification {unknown}
 i - 2 potions of might
 j - 3 potions of brilliance
 p - 3 potions of curing
 r - 4 potions of flight
 z - 5 potions of mutation {unknown}
 C - a potion of magic {unknown}
 G - a potion of heal wounds {unknown}
 H - 3 potions of attraction {unknown}
 I - 4 potions of resistance {unknown}
 K - a potion of berserk rage {unknown}


   Skills:
 + Level 8.2 Fighting
 + Level 7.9 Short Blades
 + Level 7.9 Dodging
 + Level 12.6 Stealth


You had 9 spell levels left.
You didn't know any spells.
Your spell library contained the following spells:

 Spells                   Type           Power      Damage    Failure   Level
 Apportation              Tloc           0%         N/A       32%         1
 Necrotise                Necr           0%         1d4       32%         1
 Summon Small Mammal      Summ           0%         N/A       32%         1
 Poisonous Vapours        Pois/Air       0%         N/A       45%         2
 Mephitic Cloud           Conj/Pois/Air  0%         N/A       69%         3
 Freezing Cloud           Conj/Ice/Air   0%         6-21      100%        5


Dungeon Overview and Level Annotations

Branches:
Dungeon (9/15)             Temple (0/1) D:4         Ossuary (visited)
   Lair: D:8-11         Orc: D:9-12

Altars:
Ashenzari
Dithmenos
Hepliaklqana
Kikubaaqudgha
Makhleb
Nemelex Xobeh
Okawaru
Wu Jian
The Shining One

Shops:
D:6 (

Annotations:
D:7 1 runed translucent door, Crazy Yiuf, Pikel
D:8 2 transporters


Innate Abilities, Weirdness & Mutations

You cannot wear most types of armour.
You are amphibious.
You can wear up to eight rings at the same time.
Your skin changes colour to match your surroundings (Stealth+).
Your rubbery body absorbs attacks. (AC +1, EV +1)
You are camouflaged when in or above water. (Stealth+)
You have tentacles for arms and can constrict up to eight enemies at once.


Message History

A slime creature comes into view.
Found an ornate altar of the Wu Jian Council.
The slime creature moves out of view.
You enter the deep water.
An orc warrior comes into view. It is wielding a +0 halberd.
Found a hand axe.
The slime creature quivers.
You enter the deep water.
The slime creature hits you!!
The orc warrior shouts!
You hit the slime creature. You squeeze the slime creature.
The slime creature is lightly wounded.
You hit the slime creature.
The slime creature is lightly wounded.
The slime creature misses you.
You hit the slime creature but do no damage.
You squeeze the slime creature.
The slime creature is lightly wounded.
You puncture the slime creature!
The slime creature is poisoned.
The slime creature is moderately wounded.
The slime creature hits you!!
You hit the slime creature. You squeeze the slime creature!
The slime creature is heavily wounded.
The slime creature hits you!
* * * LOW HITPOINT WARNING * * *
You hit the slime creature. You squeeze the slime creature!
The slime creature is severely wounded.
You hit the slime creature.
The slime creature is severely wounded.
The slime creature hits you!
* * * LOW HITPOINT WARNING * * *
You hit the slime creature but do no damage.
The slime creature looks as sick as possible!
You squeeze the slime creature.
The slime creature is almost dead.
You hit the slime creature. You squeeze the slime creature.
The slime creature is almost dead.
You kill the slime creature!
Dithmenos accepts your kill.
The orc warrior hits you from afar with a +0 halberd!
You die...

### #.###....###
.)###.#..#.....###
#.......###......###
##.....## #........####
#......## #...........#
........# #..≈≈≈≈≈≈≈..#
........###.≈≈≈≈≈≈....##
.........##.≈≈_....8...#
.........##.≈≈≈≈@≈.....#
..........#..≈≈≈≈≈≈≈....
..........#.....o.......
..........####..........
...........# #).........
...........# ##.........
...........## #.........
...>........# ##........
............#


You could see an orc warrior.

Vanquished Creatures
  A two-headed ogre (D:9)
  A cyclops (D:9)
  Joseph (D:8)
  A slime creature (D:9)
  2 wyverns (D:9)
  A steam dragon (D:6)
  An acid dragon (D:9)
  4 water moccasins
  3 orc warriors
  An ogre (D:6)
  2 centaurs (D:9)
  2 lemures (D:6)
  3 kobold brigands
  3 gnoll sergeants
  2 bullfrogs
  2 scorpions (D:5)
  5 water moccasin zombies (Ossuary)
  3 killer bees (D:8)
  6 howler monkeys
  4 hounds
  2 gnoll boudas
  An orc priest (D:4)
  5 jellies
  A sleepcap (D:5)
  2 iguanas
  2 orc wizards
  2 mummies (Ossuary)
  10 adders
  23 gnolls
  A river rat (D:6)
  5 shadow imps
  2 white imps (D:5)
  5 adder zombies (Ossuary)
  6 worms
  A dart slug (D:3)
  18 orcs
  9 endoplasms
  2 giant cockroaches
  6 gnoll zombies (Ossuary)
  7 goblins
  6 hobgoblins
  24 kobolds
  2 quokkas
  3 training dummies (D:6)
  6 ball pythons
  2 bats
  2 frilled lizards
  4 hobgoblin zombies (Ossuary)
  6 kobold zombies (Ossuary)
  7 orc zombies (Ossuary)
  7 rats
227 creatures vanquished.

Notes
Turn   | Place    | Note
-------+----------+-------------------------------------------
     0 | D:5      | RancidPinata the Octopode Delver began the quest for the
                  | Orb.
     0 | D:5      | Reached XP level 1. HP: 16/16 MP: 1/1
     3 | D:6      | Noticed a wight
    55 | D:5      | Noticed a howler monkey
    63 | D:5      | Noticed an iguana
    71 | D:5      | Killed a howler monkey
    72 | D:5      | Reached skill level 7 in Stealth
    72 | D:5      | Reached XP level 2. HP: 21/21 MP: 2/2
    72 | D:5      | Reached XP level 3. HP: 26/26 MP: 3/3
   395 | D:3      | Found an iron altar of Okawaru.
   428 | D:3      | Found a shadowy altar of Dithmenos.
   434 | D:3      | Found a broken altar of Ashenzari.
   437 | D:3      | Became a worshipper of Dithmenos the Shadowed
   577 | D:3      | Reached XP level 4. HP: 31/31 MP: 4/4
   850 | D:3      | Found a hazy altar of Hepliaklqana.
  1769 | D:2      | Reached * piety under Dithmenos
  1770 | D:2      | Reached XP level 5. HP: 37/37 MP: 5/5
  2108 | D:1      | Found a faded altar of an unknown god.
  2730 | D:2      | You fall into a shaft and drop 2 floors!
  3456 | D:4      | Found a staircase to the Ecumenical Temple.
  3511 | D:4      | Reached ** piety under Dithmenos
  3512 | D:4      | Reached XP level 6. HP: 43/43 MP: 6/6
  3803 | D:5      | Reached skill level 8 in Stealth
  4374 | D:5      | Reached XP level 7. HP: 42/49 MP: 7/7
  5056 | D:5      | Reached skill level 5 in Fighting
  5379 | D:6      | Reached skill level 9 in Stealth
  5471 | D:6      | Found a glowing golden altar of the Shining One.
  5670 | D:5      | Reached XP level 8. HP: 33/55 MP: 8/8
  5914 | D:6      | Reached skill level 5 in Short Blades
  5914 | D:6      | Reached skill level 5 in Dodging
  6423 | D:6      | Found Ditruom's Firing Range.
  6462 | D:6      | Bought a throwing net for 42 gold pieces
  6462 | D:6      | Bought 2 throwing nets for 84 gold pieces
  7247 | D:7      | Reached skill level 10 in Stealth
  7398 | D:7      | Found a runed translucent door.
  7399 | D:7      | Noticed Crazy Yiuf
  7459 | D:7      | Reached *** piety under Dithmenos
  7852 | D:7      | Noticed Pikel
  8453 | D:8      | Found a sand-covered staircase.
  8467 | Ossuary  | Entered an ossuary
  8540 | Ossuary  | Reached XP level 9. HP: 54/62 MP: 9/9
  8627 | Ossuary  | Reached **** piety under Dithmenos
  8845 | D:8      | Noticed Joseph
  8862 | D:8      | Killed Joseph
  8863 | D:8      | Reached skill level 11 in Stealth
  9020 | D:8      | Noticed a cyclops
  9022 | D:8      | Found a transporter.
  9059 | D:8      | Found a sparkling altar of Nemelex Xobeh.
  9059 | D:8      | Found an ancient bone altar of Kikubaaqudgha.
  9395 | D:8      | Found a transporter.
  9878 | D:9      | Found a burning altar of Makhleb.
 10157 | D:9      | Reached XP level 10. HP: 58/71 MP: 10/10
 10219 | D:9      | Noticed a two-headed ogre
 10268 | D:9      | Killed a two-headed ogre
 10269 | D:9      | Reached skill level 12 in Stealth
 10531 | D:9      | Identified the staff of poison "Cysm" {rElec rPois rC+++
                  | Will- Dex+3}
 10531 | D:9      | Noticed a deep elf pyromancer
 10780 | D:9      | Noticed a cyclops
 10843 | D:9      | Killed a cyclops
 11124 | D:9      | Noticed a green ugly thing
 11124 | D:9      | Noticed a kobold demonologist
 11294 | D:9      | Found an ornate altar of the Wu Jian Council.
 11311 | D:9      | Slain by an orc warrior

Illustrated notes

Levels and vault maps discovered:
D:1:      ncdulo_wetmaze, layout_basic, ebering_ecumenical_altar_mist,
          minmay_liquid_box
D:2:      layout_rooms, nicolae_wormholes
D:3:      layout_basic, mainiacjoe_overflow_surrounded_room,
          nicolae_hepliaklqana_hippocampus, mainiacjoe_overflow_catwalk_spiral,
          serial_park_tiny_1, dreamdust_princess_corridor,
          minmay_misc_feat_more_columns
D:4:      layout_loops_ring, minmay_temple_entry_arrows
D:5:      layout_cave_pools, feat_on_display, uniq_duvessa
D:6:      layout_gridville, old_standard_altar, cheibrodos_sewer_entry_sluice,
          nicolae_shop_firing_range
D:7:      layout_loops_corners, mainiacjoe_overflow_brackets, uniq_pikel,
          uniq_crazy_yiuf_cottage
D:8:      gammafunk_beogh_shrine, layout_basic, amethyst_overflow_temple_binary,
          chequers_ossuary_entry_cave, uniq_joseph
D:9:      minmay_the_grid_octo_tiled_squarecenter [minmay_the_grid_octo_shrine,
          minmay_the_grid_octo_clover, minmay_the_grid_octo_checkered,
          minmay_the_grid_octo_clover_2,
          minmay_the_grid_square_5x5_megaprize_crossed,
          minmay_the_grid_square_5x5_tie, minmay_the_grid_square_5x5_checkered,
          minmay_the_grid_square_5x5_longway,
          minmay_the_grid_square_5x5_checkered_sparse], layout_cave_pods,
          nicolae_ru_path_of_blood, mainiacjoe_overflow_cross_hatched,
          mainiacjoe_overflow_catwalk

Skill      XL: |  1  2  3  4  5  6  7  8  9 10 |
---------------+-------------------------------+-----
Stealth        | 7 8 9 10 11 12 | 12.6
Short Blades   | 3 4 5 7 |  7.9
Dodging        | 3 4 5 7 |  7.9
Fighting       | 4 5 6 7 8 |  8.2

Action                     |  1- 3 |  4- 6 |  7- 9 | 10-12 || total
---------------------------+-------+-------+-------+-------++-------
  Melee: Short sword       |    12 |   158 |   334 |   100 ||   604
         Tentacles         |     4 |    36 |    86 |    37 ||   163
         Constrict         |     4 |    37 |    74 |    14 ||   129
         Punch             |       |     1 |     7 |     2 ||    10
  Throw: Dart              |       |       |     8 |       ||     8
         Stone             |       |       |     1 |       ||     1
         Throwing net      |       |       |       |     6 ||     6
    Use: Potion            |       |     1 |       |     4 ||     5
         Scroll            |       |     3 |     1 |       ||     4
   Stab: Sleeping          |     3 |    24 |    42 |       ||    69
         Held in net/web   |       |       |       |     2 ||     2
 Armour: Skin              |       |     2 |    12 |     2 ||    16
  Dodge: Dodged            |     5 |    81 |   220 |    72 ||   378
